 Dungeon Crawl Stone Soup version 0.29.1-1-gd02db6906a (webtiles) character file.

Game seed: 7489503293605852993

279 GeoRichter the Slasher (level 5, -1/43 HPs)
             Began as a Demonspawn Gladiator on Oct 17, 2022.
             Was a Believer of Ru.
             Slain by a scorpion (2 damage)
             ... on level 4 of the Dungeon.
             The game lasted 00:05:31 (3960 turns).

GeoRichter the Slasher (Demonspawn Gladiator)       Turns: 3960, Time: 00:05:31

Health: -1/43      AC: 10    Str: 14    XL:     5   Next: 5%
Magic:  5/5        EV: 11    Int: 10    God:    Ru [**....]
Gold:   257        SH:  0    Dex: 16    Spells: 4/4 levels left

rFire   . . .      SeeInvis .   a - +0 long sword
rCold   . . .      Faith    .   (no shield)
rNeg    . . .      Spirit   .   f - +0 ring mail
rPois   .          Reflect  .   c - +0 helmet
rElec   .          Harm     .   p - +2 cloak
rCorr   .          Rampage  .   (no gloves)
Will    .....                   (no boots)
Stlth   ..........              (no amulet)
HPRegen 0.14/turn               (no ring)
MPRegen 0.09/turn               (no ring)

@: no status effects
A: rugged brown scales 1, no stealth, inexperienced 1, weakness stinger 2
a: Renounce Religion


You were on level 4 of the Dungeon.
You worshipped Ru.
Ru was pleased with you.
You visited 1 branch of the dungeon, and saw 4 of its levels.

You collected 257 gold pieces.

Inventory:

Hand Weapons
 a - a +0 long sword (weapon)
Missiles
 d - 3 throwing nets (quivered) {!f}
 e - a javelin
Armour
 b - a +0 cloak
   (You found it on level 1 of the Dungeon)
 c - a +0 helmet (worn)
 f - a +0 ring mail (worn)
   (You found it on level 1 of the Dungeon)
 p - a +2 cloak (worn)
   (You found it on level 2 of the Dungeon)
Scrolls
 h - 5 scrolls of identify {unknown}
 i - 4 scrolls of teleportation {unknown}
 m - 2 scrolls of vulnerability {unknown}
 n - 2 scrolls of enchant armour {unknown}
 o - 2 scrolls of blinking {unknown}
 r - 2 scrolls of butterflies {unknown}
Potions
 g - 2 potions of lignification {unknown}
 j - 2 potions of haste {unknown}
 k - a potion of heal wounds {unknown}
 l - a potion of resistance {unknown}
 q - a potion of degeneration {unknown}
 s - a potion of curing {unknown}


   Skills:
 + Level 4.0 Fighting
 * Level 5.3 Long Blades
 - Level 1.7 Throwing
 - Level 2.6 Dodging


You had 4 spell levels left.
You didn't know any spells.
Your spell library contained the following spells:

 Spells                   Type           Power      Damage    Failure   Level
 Freeze                   Ice            0%         1d3       61%         1
 Borgnjor's Vile Clutch   Necr/Erth      0%         N/A       100%        5
 Freezing Cloud           Conj/Ice/Air   0%         6-21      100%        5
 Necromutation            Tmut/Necr      0%         N/A       100%        8


Dungeon Overview and Level Annotations

Branches:
Dungeon (4/15) Zot: 19993
 Temple: D:4-7

Altars:
Hepliaklqana
Ru

Annotations:
D:4 Grinder


Innate Abilities, Weirdness & Mutations

You are partially covered in rugged brown scales. (AC +1, +3% HP)
You cannot be stealthy.
You are somewhat inexperienced. (-1 XL)
You have a tail ending in a sharp stinger.


Message History

You resist with significant effort. Grinder barely misses you.
You hit Grinder.
Your tail-slap misses Grinder.
Grinder gestures at you. You resist with significant effort.
Grinder says, "Mostly I couldn't keep them alive."
Grinder completely misses you.
You hit Grinder.
Grinder zaps a wand.
The puff of flame misses you.
You hit Grinder. Grinder hits you.
You writhe in agony.
You closely miss Grinder. Grinder hits you!
You writhe in agony.
Unknown command.
You hit Grinder but do no damage.
Grinder begins to attack, but is stunned by your conviction!
Unknown command.
You hit Grinder but do no damage. Grinder gestures at you.
Pain shoots through your body!
* * * LOW HITPOINT WARNING * * *
You slash Grinder! Grinder gestures at you.
You suddenly lose the ability to move!
Grinder hits you.
* * * LOW HITPOINT WARNING * * *
You writhe in agony.
* * * LOW HITPOINT WARNING * * *
A scorpion comes into view.
Grinder begins to attack, but is stunned by your conviction!
You can move again.
You hit Grinder.
Grinder zaps a wand.
The puff of flame hits you.
* * * LOW HITPOINT WARNING * * *
You closely miss Grinder. You tail-slap Grinder. Grinder gestures at you.
You barely resist.
Unknown command.
You hit Grinder. Grinder gestures at you.
You shrug off the repeated paralysis!
Unknown command.
You hit Grinder. You tail-slap Grinder.
Grinder zaps a wand.
The puff of flame misses you.
You hit Grinder. Grinder hits you.
* * * LOW HITPOINT WARNING * * *
You writhe in agony.
* * * LOW HITPOINT WARNING * * *
You hit Grinder. The scorpion stings you.
You die...

#####..#####..#
... ##.
#...#....#....#
.... .
#.........##.##
#
#...##........#
#..####......##
. #..
##.......##.. ..
##.
#............ ..
.. ##.........?.
.. .#
#..†@5....... ..
#....>..s.#####.
.. ............#
#.# ..
..####.####..#
#..#####.. . ...
..# #....##...
....
.#.#.......#.
....
...[.......##
....
........#†##.
........#.##.


You could see Grinder and a scorpion.

Vanquished Creatures
  A phantom (D:3)
  A hound (D:4)
  2 orc wizards (D:3)
  6 adders
  2 worms (D:2)
  A dart slug (D:3)
  7 orcs
  5 endoplasms
  A giant cockroach (D:1)
  7 hobgoblins
  2 jackals (D:2)
  7 kobolds
  A quokka (D:4)
  6 ball pythons
  4 bats
  A frilled lizard (D:1)
  5 goblins
  4 rats
63 creatures vanquished.

Notes
Turn   | Place    | Note
-------+----------+-------------------------------------------
     0 | D:1      | GeoRichter the Demonspawn Gladiator began the quest for the
                  | Orb.
     0 | D:1      | Reached XP level 1. HP: 16/16 MP: 1/1
   192 | D:1      | Reached skill level 3 in Long Blades
   209 | D:1      | Gained mutation: You have a small tail. [demonic ancestry]
   209 | D:1      | Reached XP level 2. HP: 17/22 MP: 2/2
   334 | D:1      | Found a faded altar of an unknown god.
   426 | D:1      | Prayed at the altar of an unknown god.
   426 | D:1      | Became a worshipper of Ru the Awakened
   451 | D:1      | Gained mutation: You cannot be stealthy. [Ru sacrifice]
  1209 | D:2      | Got Wunlacoicw's Omnibus of Sepulchral Ice
  1355 | D:2      | Reached XP level 3. HP: 28/28 MP: 3/3
  2074 | D:2      | Reached skill level 4 in Long Blades
  2074 | D:2      | Gained mutation: You are partially covered in rugged brown
                  | scales. (AC +1, +3% HP) [demonic ancestry]
  2074 | D:2      | Reached XP level 4. HP: 29/36 MP: 4/4
  2454 | D:3      | Found a hazy altar of Hepliaklqana.
  2821 | D:3      | Gained mutation: You have a tail ending in a sharp stinger.
                  | [demonic ancestry]
  2821 | D:3      | Reached XP level 5. HP: 38/42 MP: 5/5
  3532 | D:4      | Gained mutation: You are somewhat inexperienced. (-1 XL)
                  | [Ru sacrifice]
  3532 | D:4      | Reached XP level 4. HP: 36/36 MP: 4/4
  3532 | D:4      | Reached * piety under Ru
  3532 | D:4      | Reached ** piety under Ru
  3534 | D:4      | Noticed a phantom
  3577 | D:3      | Killed a phantom
  3578 | D:3      | Reached skill level 5 in Long Blades
  3906 | D:4      | Reached XP level 5. HP: 43/43 MP: 5/5
  3937 | D:4      | Noticed Grinder
  3937 | D:4      | Paralysed by Grinder for 5 turns
  3953 | D:4      | Paralysed by Grinder for 2 turns
  3959 | D:4      | HP: 1/43 [Grinder (6)]
  3960 | D:4      | Slain by a scorpion

Illustrated notes

Levels and vault maps discovered:
D:1:      erik_arrival_cave_to_civilisation [erik_arrival_cave_to_hall],
          layout_basic, ebering_ecumenical_altar_rust
D:2:      layout_basic, minmay_tree_intersection
D:3:      layout_loops_ring, mainiacjoe_overflow_cross_hatched,
          lemuel_doored_altar, general_overflow_altar
D:4:      layout_cave_pools, mainiacjoe_overflow_divided_tiny,
          old_standard_altar, uniq_grinder

Skill      XL: |  1  2  3  4 |
---------------+-------------+-----
Long Blades    | 3 4 5 |  5.3
Fighting       | 3 4 |  4.0
Throwing       | |  1.7
Dodging        | |  2.6

Action                   |  1- 3 |  4- 6 || total
-------------------------+-------+-------++-------
Melee: Long sword        |   107 |   118 ||   225
       Punch             |     2 |       ||     2
       Tailslap          |    10 |    14 ||    24
Invok: Sacrifice Stealth |     1 |       ||     1
       Sacrifice Experie |       |     1 ||     1
Armor: Ring mail         |    57 |    55 ||   112
       Leather armour    |     1 |       ||     1
Dodge: Dodged            |    57 |    49 ||   106
